 Dungeon Crawl Stone Soup version 0.30.1-4-g462c640d31 (webtiles) character file.

Game seed: 8147920763604540183

151 middlearthbound the Shooter (level 5, -1/46 HPs)
             Began as a Minotaur Hunter on Sept 15, 2023.
             Slain by an iguana (6 damage)
             ... on level 4 of the Dungeon.
             The game lasted 00:15:29 (1913 turns).

middlearthbound the Shooter (Minotaur Hunter)       Turns: 1913, Time: 00:15:30

Health: -1/46      AC:  3    Str: 15    XL:     5   Next: 10%
Magic:  4/4        EV:  9    Int:  6    God:
Gold:   145        SH:  0    Dex: 16    Spells: 4/4 levels left

rFire   . . .        a - +0 shortbow
rCold   . . .        (shield currently unavailable)
rNeg    . . .        c - +0 leather armour
rPois   +            (helmet restricted)
rElec   .            (no cloak)
rCorr   .            (no gloves)
SInv    .            (no boots)
Will    .....        (no amulet)
Stlth   ++           e - ring of poison resistance
HPRegen 0.27/turn    (no ring)
MPRegen 0.09/turn

%: no passive effects
@: grasped by roots, constricted
A: horns 2, retaliatory headbutt
a: no special abilities


You were on level 4 of the Dungeon.
You visited 1 branch of the dungeon, and saw 4 of its levels.

You collected 145 gold pieces.

Inventory:

Hand Weapons
 a - a +0 shortbow (weapon)
 f - a +0 flail
 i - a +2 short sword of speed
Armour
 c - a +0 leather armour (worn)
Magical Staves
 n - a staff of earth
 v - a staff of cold
Jewellery
 e - a ring of poison resistance (left hand)
Wands
 p - a wand of roots (12)
 w - a wand of flame (21)
Scrolls
 b - a scroll of immolation
 d - 2 scrolls of magic mapping {unknown}
 h - a scroll of poison {unknown}
 j - a scroll of acquirement {unknown}
 k - a scroll of amnesia {unknown}
 l - a scroll of torment {unknown}
 s - 2 scrolls of teleportation
 t - a scroll of vulnerability {unknown}
 u - 2 scrolls of identify {unknown}
Potions
 g - 2 potions of curing {unknown}
 m - a potion of attraction {unknown}
 o - a potion of degeneration {unknown}
 q - a potion of resistance {unknown}
 r - a potion of flight {unknown}


   Skills:
 + Level 3.7 Fighting
 + Level 5.5 Ranged Weapons
 + Level 3.0 Armour
 + Level 2.2 Dodging
 + Level 1.2 Stealth


You had 4 spell levels left.
You didn't know any spells.
Your spell library contained the following spells:

 Spells                   Type           Power      Damage    Failure   Level
 Inner Flame              Hex/Fire       0%         N/A       88%         3
 Yara's Violent Unravell  Hex/Tmut       0%         3d3       100%        5
 Enfeeble                 Hex            0%         N/A       100%        7


Dungeon Overview and Level Annotations

Branches:
Dungeon (4/15)
 Temple: D:4-7

Altars:
Cheibriados

Shops:
D:3 (

Annotations:
D:4 Edmund


Innate Abilities, Weirdness & Mutations

You have a pair of horns on your head.
You reflexively headbutt those who attack you in melee.


Message History

Press: ? - help, Q - select action, (/) - cycle Shift-Dir - straight line, f/p - iguana
Aim: an iguana (lightly wounded, 66% to hit)
You shoot an arrow.
The arrow hits the iguana but does no damage.
The iguana is lightly wounded.
Fire: a) +0 shortbow
Press: ? - help, Q - select action, (/) - cycle Shift-Dir - straight line, f/p - iguana
Aim: an iguana (lightly wounded, 66% to hit)
You shoot an arrow.
The arrow hits the iguana but does no damage.
The iguana is lightly wounded.
Edmund zaps a wand.
The roots erupt in riotous growth!
The grasping roots grab you!
The iguana is unaffected.
The grasping roots constrict you. The iguana barely misses you.
The iguana bites you. The grasping roots constrict you.
You hear an angry hiss. x2
Fire: a) +0 shortbow
Press: ? - help, Q - select action, (/) - cycle Shift-Dir - straight line, f/p - iguana
Aim: an iguana (lightly wounded, 66% to hit)
You shoot an arrow. The arrow closely misses the iguana.
An adder comes into view.
Edmund completely misses you. The grasping roots constrict you.
The iguana bites you!
You shoot an arrow.
The arrow hits Edmund but does no damage.
Edmund hits you with a +4 flail of venom.
* * * LOW HITPOINT WARNING * * *
The grasping roots constrict you.
* * * LOW HITPOINT WARNING * * *
The iguana closely misses you.
The grasping roots release their grip on you.
You shoot an arrow. The arrow barely misses Edmund.
Edmund zaps a wand.
The roots erupt in riotous growth!
The grasping roots grab you!
The iguana is unaffected.
Edmund is unaffected.
The grasping roots constrict you.
* * * LOW HITPOINT WARNING * * *
The iguana bites you.
You die...

.......#
.......##
.........
#........
#........
###........
##..........
#..@@...S...
#.....l...#....
##.......## .
#...#...#
#..###..# #...
##.. #.. ## ..


You could see Edmund, an iguana and an adder.

Vanquished Creatures
  An orc wizard (D:3)
  5 adders
  A dart slug (D:2)
  6 orcs (D:3)
  7 ball pythons
  5 endoplasms
  A giant cockroach (D:1)
  5 goblins
  5 hobgoblins
  15 jackals
  3 kobolds
  4 quokkas
  4 bats
  A frilled lizard (D:3)
63 creatures vanquished.

Notes
Turn   | Place    | Note
-------+----------+-------------------------------------------
     0 | D:1      | middlearthbound the Minotaur Hunter began the quest for the
                  | Orb.
     0 | D:1      | Reached XP level 1. HP: 18/18 MP: 0/0
   387 | D:1      | Reached XP level 2. HP: 25/25 MP: 1/1
   749 | D:1      | Reached skill level 5 in Ranged Weapons
   790 | D:2      | Reached XP level 3. HP: 31/31 MP: 2/2
  1044 | D:2      | Reached skill level 1 in Stealth
  1375 | D:3      | Reached skill level 1 in Armour
  1375 | D:3      | Reached XP level 4. HP: 30/38 MP: 3/3
  1410 | D:3      | Found Xis Goecs's Antique Weapon Shoppe.
  1488 | D:3      | Found a snail-covered altar of Cheibriados.
  1811 | D:3      | Reached XP level 5. HP: 46/46 MP: 4/4
  1906 | D:4      | Noticed Edmund
  1913 | D:4      | Slain by an iguana

Illustrated notes

Levels and vault maps discovered:
D:1:      sevenhm_arrival_forest_fort_large_4, layout_loops_cross,
          corexii_leaking_fountain, kennysheep_another_room,
          nicolae_concentric_dashed_squares_wild
D:2:      layout_basic, serial_shops, nicolae_shop_tiny_real_fake_doors
D:3:      layout_rooms, mainiacjoe_overflow_paths, serial_shops,
          nicolae_shop_behind_doors, uniq_sigmund
D:4:      layout_layer_cave, kennysheep_mini, nicolae_gozag_seed_capital,
          nicolae_ashenzari_skybound, nicolae_vehumet_radiance,
          minmay_temple_entry_enclosed_plants, gammafunk_ghost_stat_death,
          uniq_grinder, uniq_pikel, uniq_edmund

Skill      XL: |  1  2  3  4  5 |
---------------+----------------+-----
Fighting       | 3 |  3.7
Ranged Weapons | 5 |  5.5
Stealth        | 1 |  1.2
Armour         | 1 2 3 |  3.0
Dodging        | |  2.2

Action                     |  1- 3 |  4- 6 || total
---------------------------+-------+-------++-------
   Fire: Shortbow          |    97 |    47 ||   144
    Use: Scroll            |       |     1 ||     1
 Armour: Leather armour    |    38 |    13 ||    51
  Dodge: Dodged            |    69 |    36 ||   105
